Map: 2000 Atmospheres LE

Players

Serral - Winner!

  • Race: Zerg Zerg
  • League: Master

MaxPax

  • Race: Protoss Protoss
  • League: Grandmaster

Event: DreamHack SC2 Masters 2021 Summer

VOD

Have the link to the VOD?

Description

Time

  • Played on: June 1, 2021, 10:57 a.m.
  • Length: 9:44

All games in this series

Show
View Real Time Build Order
Export as new Build Order

Serral Zerg - Winner!

Build Orders: Hatch First 

Get SALT Encoding   

  12  0:00  Drone  
  13  0:12  Overlord  
  13  0:16  Drone  
  14  0:30  Drone x2  
  16  0:39  Drone  
  17  0:48  Drone  
  18  0:58  Drone  
  18  1:00  Hatchery  
  18  1:08  Extractor  
  17  1:14  Spawning Pool  
  17  1:17  Drone  
  17  1:20  Drone  
  18  1:28  Drone  
  19  1:38  Drone  
  20  1:50  Overlord  
  20  2:00  Queen  
  22  2:09  Drone  
  22  2:11  Queen  
  22  2:12  Zergling x2  
  22  2:13  Drone  
  22  2:14  Metabolic Boost  
  27  2:23  Drone  
  27  2:24  Zergling x2  
  29  2:33  Drone  
  29  2:36  Queen  
  32  2:43  Hatchery  
  31  2:46  Drone  
  31  2:49  Drone  
  33  2:53  Overlord  
  33  2:56  Drone x2  
  35  3:04  Drone  
  36  3:07  Overlord  
  36  3:15  Drone x3  
  36  3:17  Drone  
  36  3:19  Drone x2  
  43  3:20  Drone  
  43  3:21  Drone  
  44  3:29  Queen  
  44  3:30  Queen  
  44  3:33  Overlord  
  47  3:37  Zergling x2  
  48  3:42  Drone  
  48  3:43  Zergling x2  
  48  3:47  Overlord  
  50  3:53  Zergling x2  
  50  3:54  Overlord  
  51  3:58  Drone  
  51  3:59  Drone x4  
  51  4:00  Spore Crawler  
  51  4:02  Spore Crawler  
  54  4:07  Queen  
  54  4:09  Zergling x2  
  57  4:12  Drone x2  
  60  4:17  Drone x2  
  60  4:22  Drone x4  
  65  4:27  Roach Warren, Overlord  
  65  4:30  Zergling x2  
  65  4:32  Drone  
  66  4:38  Lair  
  66  4:42  Extractor x2  
  63  4:46  Zergling x2  
  63  4:47  Zergling x2  
  63  4:48  Drone x2  
  63  4:49  Drone  
  68  4:52  Spore Crawler  
  68  4:54  Zergling x2, Overlord  
  68  4:56  Overlord  
  68  4:58  Drone  
  68  4:59  Drone x2  
  70  5:06  Evolution Chamber  
  69  5:08  Drone x2  
  69  5:11  Drone  
  78  5:18  Drone  
  78  5:19  Drone  
  78  5:20  Drone  
  74  5:26  Drone x3, Queen x2  
  81  5:31  Drone  
  81  5:32  Hatchery, Extractor, Drone x2  
  81  5:33  Drone x4  
  81  5:34  Drone x2  
  88  5:40  Zergling x6  
  91  5:44  Drone  
  91  5:47  Queen  
  91  5:49  Hydralisk Den  
  93  5:51  Overlord, Baneling Nest  
  93  5:52  Overlord  
  92  5:57  Extractor x2  
  92  5:58  Zerg Missile Weapons Level 1  
  92  6:03  Overlord  
  90  6:09  Queen x2  
  90  6:10  Drone x3  
  90  6:11  Drone  
  98  6:20  Drone x8  
  98  6:24  Drone  
  106  6:26  Queen, Spore Crawler  
  106  6:27  Grooved Spines  
  106  6:30  Overlord  
  107  6:37  Overlord  
  107  6:39  Drone  
  108  6:40  Drone, Centrifical Hooks  
  108  6:41  Overlord x2  
  108  6:42  Drone x2  
  108  6:44  Queen  
  113  6:48  Overlord  
  113  6:50  Overlord x2  
  113  6:52  Overlord  
  113  7:05  Hydralisk x7  
  125  7:11  Hydralisk  
  125  7:12  Hydralisk x3  
  133  7:18  Hydralisk x3  
  139  7:24  Hydralisk  
  139  7:25  Hydralisk x3  
  147  7:31  Extractor, Drone x3  
  146  7:37  Hydralisk x3  
  146  7:38  Zergling x8  
  146  7:39  Muscular Augments  
  146  7:42  Hydralisk x2  
  146  7:43  Hydralisk  
  162  7:48  Overlord x2  
  162  7:54  Hydralisk x2  
  162  7:58  Zergling x10  
  170  8:03  Zergling x2  
  170  8:04  Zergling x10  
  175  8:09  Baneling x11  
  175  8:12  Hydralisk x2  
  179  8:23  Hydralisk x3  
  179  8:24  Zergling x14  
  191  8:33  Baneling x7  
  191  8:34  Zergling x2  
  191  8:35  Zergling x14  
  191  8:37  Baneling x5  
  192  8:51  Zergling x16  
  192  8:54  Baneling x8  
  196  8:59  Zergling x20  
  196  9:01  Zergling x2  
  196  9:02  Zergling x2  
  197  9:05  Zergling x8  
  197  9:07  Zergling x2  
  195  9:13  Zergling x6  
  199  9:34  Infestation Pit  
Show
View Real Time Build Order
Export as new Build Order

MaxPax Protoss 

Build Orders: 1 Gate Expand, Zealot Archon 

Get SALT Encoding   

  12  0:00  Probe  
  13  0:12  Probe  
  14  0:19  Pylon  
  14  0:24  Probe  
  15  0:37  Probe (Chrono Boost)  
  15  0:39  Gateway  
  16  0:49  Probe (Chrono Boost)  
  17  0:51  Assimilator  
  17  0:54  Probe (Chrono Boost)  
  18  1:03  Probe  
  19  1:15  Probe  
  20  1:27  Nexus  
  20  1:37  Cybernetics Core  
  20  1:38  Probe  
  21  1:43  Assimilator  
  21  1:50  Probe  
  21  1:54  Pylon  
  22  2:03  Probe  
  23  2:11  Adept (Chrono Boost)  
  23  2:15  Probe  
  26  2:21  Stargate  
  26  2:27  Probe  
  27  2:31  Adept (Chrono Boost)  
  27  2:36  Warp Gate  
  29  2:39  Probe x2  
  31  2:51  Probe x2  
  33  2:53  Adept  
  35  3:00  Void Ray (Chrono Boost)  
  35  3:03  Probe x2  
  41  3:15  Probe  
  41  3:16  Pylon  
  41  3:17  Probe  
  43  3:27  Probe, Pylon  
  43  3:29  Probe  
  45  3:38  Gateway  
  45  3:39  Probe  
  46  3:41  Probe  
  47  3:49  Nexus  
  47  3:51  Probe  
  47  3:53  Probe  
  49  3:56  Pylon  
  49  3:59  Assimilator  
  49  4:01  Assimilator  
  49  4:03  Probe  
  49  4:06  Probe  
  51  4:15  Probe  
  52  4:18  Probe  
  52  4:21  Stargate  
  53  4:27  Probe  
  53  4:28  Fleet Beacon  
  53  4:30  Probe  
  55  4:33  Shield Battery  
  55  4:37  Pylon  
  55  4:40  Probe  
  55  4:43  Probe  
  57  4:48  Adept x2  
  57  4:52  Probe  
  60  4:55  Probe  
  61  5:04  Probe (Chrono Boost)  
  61  5:07  Probe (Chrono Boost), Shield Battery  
  63  5:10  Carrier (Chrono Boost)  
  70  5:14  Probe (Chrono Boost)  
  70  5:16  Probe (Chrono Boost)  
  70  5:20  Probe (Chrono Boost)  
  70  5:21  Carrier (Chrono Boost)  
  78  5:23  Probe (Chrono Boost)  
  78  5:25  Probe  
  78  5:28  Probe  
  81  5:31  Stalker  
  81  5:33  Probe  
  84  5:37  Probe  
  84  5:38  Assimilator  
  84  5:40  Probe, Assimilator, Protoss Air Weapons Level 1  
  86  5:45  Probe  
  86  5:46  Pylon  
  86  5:49  Probe  
  88  5:52  Probe  
  89  5:57  Probe, Twilight Council  
  89  6:02  Forge  
  89  6:03  Probe  
  91  6:09  Pylon  
  97  6:12  Probe  
  97  6:14  Carrier (Chrono Boost)  
  97  6:15  Probe  
  97  6:16  Gateway  
  100  6:24  Pylon  
  100  6:25  Carrier (Chrono Boost)  
  99  6:26  Pylon  
  99  6:28  Protoss Ground Weapons Level 1 (Chrono Boost)  
  99  6:30  Gateway  
  105  6:33  Robotics Facility  
  105  6:35  Charge (Chrono Boost)  
  105  6:43  Probe  
  105  6:44  Probe  
  107  6:54  Probe  
  107  6:57  Probe  
  107  6:58  Probe  
  110  7:06  Probe  
  111  7:09  Probe  
  111  7:10  Probe  
  111  7:12  Gateway, Void Ray (Chrono Boost)  
  111  7:13  Gateway, Void Ray (Chrono Boost)  
  111  7:14  Templar Archives  
  113  7:16  Gateway  
  113  7:19  Probe  
  121  7:32  Photon Cannon  
  121  7:40  Pylon  
  121  7:43  Photon Cannon  
  121  7:44  Nexus  
  121  7:51  Gateway  
  121  7:52  Gateway, High Templar x2  
  121  7:55  Gateway  
  125  7:59  Archon  
  130  8:05  Photon Cannon  
  130  8:06  Photon Cannon  
  130  8:08  Photon Cannon, Robotics Bay  
  130  8:10  Shield Battery  
  130  8:11  Observer  
  130  8:16  Sentry  
  130  8:18  Pylon  
  132  8:22  Pylon  
  132  8:27  Carrier (Chrono Boost)  
  130  8:38  Zealot  
  130  8:40  Photon Cannon  
  132  8:42  Pylon  
  131  8:51  Robotics Facility  
  131  8:54  Zealot  
  132  8:58  Disruptor (Chrono Boost), Pylon x2  
  134  9:07  Zealot x6  
  108  9:30  Pylon  
  108  9:31  Pylon  
  96  9:32  Pylon  
Tags
 
Add a new tag
Caveats
  • Supply blocks, unpowered buildings, or Contaminate may cause inaccurate times.
  • Supply counts are checked every 10 seconds.